Cogmind - Beta 10.2 @@@ ROGUE MODE // 2021.08.20 @ 18:56:14 Player: cavemonk Result: Destroyed by as-89893 with Assembled Focal Cannon Performance ------------- Evolutions (3) 1500 Regions Visited (10) 2000 Robots Destroyed (162) 810 Value Destroyed (4521) 4521 Prototype IDs (46) 920 Alien Tech Used (1) 200 Bonus (-464) -464 TOTAL SCORE: 9487 Bonus ------- High Alert Combat Kills 419 Follower Combat Kills 74 Aligned with FarCom 300 Destroyed Z-Imprinter 1000 Friendly Fire -2257 Cogmind --------- Core Integrity 0/700 Matter 192/300 Energy 94/100 System Corruption 0% Temperature Cool (12) Movement Core (200) Ox3 Location -7/Deep Caves Parts ------- > --- POWER (1) -------- (None) > --- PROPULSION (3) --- (None) > --- UTILITY (6) ------ Experimental Targeting Computer > --- WEAPON (4) ------- Makeshift Shrapnel Gun Heavy Machine Gun Heavy Machine Gun > --- INVENTORY (4) ---- (None) Peak State ------------ > --- POWER ------------ Reinforced Deuterium Engine > --- PROPULSION ------- Light Treads Armored Treads Armored Treads > --- UTILITY ---------- Large Storage Unit High-capacity Storage Unit High-capacity Storage Unit Experimental Targeting Computer Advanced Core Analyzer Experimental Core Analyzer > --- WEAPON ----------- Enhanced Autogun Enhanced Autogun Heavy Machine Gun Heavy Machine Gun > --- INVENTORY -------- Heavy Deuterium Engine Heavy Deuterium Engine Improved Cesium-ion Thruster Improved Cesium-ion Thruster Coolant Injector YI-UF0's Bottomless Matter Pit Kinecellerator Hardened Heavy Armor Plating Improved Shield Generator Long-range Tractor Beam Improved Field Recycling Unit Heavy Laser Heavy Laser Heavy Laser Heavy Laser Gauss Rifle Gauss Rifle Gauss Rifle Flak Gun Flak Gun Makeshift Shrapnel Gun Heavy Rocket Launcher Heavy Rocket Launcher Chainsword CR-A16's Pointy Stick [Rating: 66] Favorites ----------- Power Reinforced Deuterium Engine Engine Reinforced Deuterium Engine Power Core Light Nuclear Core Reactor Zionite Light DM Reactor Propulsion Armored Treads Treads Armored Treads Leg Aluminum Leg Wheel Wheel Flight Unit Cesium-ion Thruster Utility High-capacity Storage Unit Device Long-range Sensor Array Storage High-capacity Storage Unit Processor Advanced Signal Interpreter Protection Medium Reflective Plating Weapon Enhanced Autogun Energy Gun Spread Laser Energy Cannon Ion Cannon Ballistic Gun Enhanced Autogun Launcher Heavy Rocket Launcher Special Weapon Mining Laser Impact Weapon Great Maul Slashing Weapon Chainsword Piercing Weapon CR-A16's Pointy Stick Build | -11 -10 -10 -10 -9 -8 -7 -7 -7 -7 -7 ------- Run | Scr Mat Min Exi Min Mat Fac Low Low Zio Dee Slots Evolved 6 | . . . . . 4 2 . . . . Power . | . . . . . . . . . . . Propulsion 1 | . . . . . 1 . . . . . Utility 4 | . . . . . 3 1 . . . . Weapon 1 | . . . . . . 1 . . . . Parts Attached 262 | 4 21 13 1 . 52 69 5 20 51 26 Power 17 | . . 3 1 . 7 2 . . 2 2 Engine 14 | . . 2 1 . 7 2 . . 1 1 Core 1 | . . 1 . . . . . . . . Reactor 2 | . . . . . . . . . 1 1 Propulsion 36 | 3 7 2 . . 8 9 . 1 5 1 Treads 24 | 1 4 1 . . 4 8 . 1 4 1 Leg 4 | . . . . . 4 . . . . . Wheel 6 | 2 3 1 . . . . . . . . Hover . | . . . . . . . . . . . Flight 2 | . . . . . . 1 . . 1 . Utility 101 | 1 5 3 . . 14 30 3 7 24 14 Device 56 | 1 1 2 . . 5 19 2 5 15 6 Storage 14 | . 2 1 . . 5 . . . 3 3 Processor 8 | . 1 . . . . 2 . . 5 . Hackware . | . . . . . . . . . . . Protection 23 | . 1 . . . 4 9 1 2 1 5 Artifact . | . . . . . . . . . . . Weapon 108 | . 9 5 . . 23 28 2 12 20 9 Energy Gun 12 | . 3 3 . . 6 . . . . . Energy Cannon 1 | . . 1 . . . . . . . . Ballistic Gun 61 | . 2 . . . 11 23 1 7 10 7 Ballistic Cannon . | . . . . . . . . . . . Launcher 17 | . 2 1 . . 6 4 1 2 . 1 Special Weapon 2 | . 2 . . . . . . . . . Impact Weapon 1 | . . . . . . . . . 1 . Slashing Weapon 8 | . . . . . . 1 . 3 4 . Piercing Weapon 6 | . . . . . . . . . 5 1 Special Melee Weapon . | . . . . . . . . . . . Unidentified Prototypes 18 | . . 2 . . 6 2 . 1 4 3 Parts Lost 26 | . 1 1 . . 10 1 . . . 13 Power 3 | . . 1 . . 1 . . . . 1 Propulsion 7 | . . . . . 3 . . . . 4 Utility 7 | . . . . . 3 . . . . 4 Weapon 9 | . 1 . . . 3 1 . . . 4 Highest Loss Streak 13 | . 1 1 . . 7 1 . . . 13 Average Slot Usage (%) 89 | . 99 99 100 100 90 99 100 99 71 94 Engine 6 | . 14 4 14 14 8 6 7 7 4 3 Treads 19 | . 18 23 14 14 21 22 23 22 13 20 Device 7 | . 3 14 14 14 10 7 7 7 5 6 Storage 17 | . 14 14 14 14 18 23 23 22 13 13 Processor 7 | . . . . . . 7 7 7 12 13 Protection 4 | . 9 . . . 8 6 6 6 . 3 Energy Gun 2 | . 7 24 14 14 . . . . . . Ballistic Gun 18 | . 17 . . . 16 22 22 23 15 24 Naked Turns . | . . . . . . . . . . . Heaviest Build 125 | 14 28 33 36 36 109 125 123 122 125 111 Greatest Support 70 | 20 40 40 10 10 60 70 62 62 62 60 Greatest Overweight (x) 22 | 4 2 3 3 3 5 2 1 1 22 4 Average Overweight (x) 1 | 1 1 1 3 3 1 1 1 1 . . Largest Inventory Capacity 26 | 6 10 10 10 10 26 26 26 26 26 26 Average Capacity 19 | 6 9 10 10 10 16 26 26 26 18 18 Most Carried 26 | 6 10 10 10 10 24 26 26 26 26 26 Average Carried 18 | 4 8 9 9 10 15 25 25 25 17 16 Final Capacity 26 | 6 10 10 10 10 26 26 26 26 26 4 Final Carried 26 | 5 10 10 10 10 24 26 26 24 26 . Class Distribution -------------------- 32% | Mutant 28% | Hauler-Skirmisher 13% | Hauler-Mutant 11% | Hauler-Gunner 6% | Scavenger-Mutant 3% | Hauler-Tank 3% | Gunner Dominant Class ---------------- Mutant | -10/Materials Mutant | -10/Mines Scavenger-Mutant | -10/Exiles Scavenger-Mutant | -9/Mines Mutant | -8/Materials Hauler-Skirmisher | -7/Factory Hauler-Skirmisher | -7/Lower Caves Hauler-Skirmisher | -7/Lower Caves Mutant | -7/Zion Hauler-Gunner | -7/Deep Caves Resources | -11 -10 -10 -10 -9 -8 -7 -7 -7 -7 -7 ----------- Run | Scr Mat Min Exi Min Mat Fac Low Low Zio Dee Matter Collected 7409 | 303 408 892 . 400 1801 1841 244 521 521 478 Remotely 329 | . . . . . 93 220 . 16 . . Salvage Created 6051 | 221 461 660 . . 2398 1748 17 175 260 111 Parts 359 | 18 32 49 . . 144 95 4 7 6 4 Haulers Intercepted 11 | . 1 . . . 6 4 . . . . Recyclers Shooed 6 | . . . . . 5 1 . . . . Parts Field Recycled 62 | . . . . . . 21 2 . 39 . Retrieved Matter 501 | . . . . . . 249 3 . 249 . Parts Self-Destructed 7 | . . . . . . . 3 2 2 . Prevented . | . . . . . . . . . . . Kills | -11 -10 -10 -10 -9 -8 -7 -7 -7 -7 -7 ------- Run | Scr Mat Min Exi Min Mat Fac Low Low Zio Dee Combat Hostiles Destroyed 107 | . 15 13 . . 37 32 4 5 . 1 Guns 71 | . 7 8 . . 31 23 . 1 . 1 Cannons 3 | . . . . . 3 . . . . . AOE 33 | . 8 5 . . 3 9 4 4 . . Classes Destroyed 20 | 2 4 2 . . 4 4 . 3 . 1 Worker 10 | . 1 . . . 5 4 . . . . Builder 4 | . . 1 . . 3 . . . . . Tunneler 8 | 5 . 3 . . . . . . . . Hauler 11 | . 1 . . . 6 4 . . . . Recycler 12 | 1 1 2 . . 5 3 . . . . Operator 2 | . . . . . 2 . . . . . Watcher 3 | . . . . . 3 . . . . . Swarmer 26 | . 6 . . . 7 5 4 4 . . Grunt 53 | . 9 12 . . 19 13 . . . . Brawler 2 | . . . . . . 2 . . . . Duelist 1 | . . . . . 1 . . . . . Protector 1 | . . . . . . 1 . . . . Researcher 1 | . . . . . . . . 1 . . Sentry 13 | . . . . . 10 3 . . . . Hunter 2 | . . . . . . 2 . . . . Programmer 6 | . . . . . . 6 . . . . Behemoth 1 | . . . . . . . . 1 . . Samaritan 1 | . . . . . . . . 1 . . Assembled 1 | . . 1 . . . . . . . . Wasp 1 | . . . . . . . . . 1 . Savage 2 | . . . . . . . . . 2 . Fireman 1 | . . . . . . . . . . 1 Best Kill Streak 10 | 2 8 7 . . 7 10 4 4 . 1 Combat Bots Only 8 | . 7 4 . . 6 8 4 4 . 1 Max Kills in Single Turn 6 | 1 3 6 . . 2 2 2 2 1 1 Gunslinging . | . . . . . . . . . . . Exploded 3 | . 3 3 . . 2 2 2 2 . . Melee . | . . . . . . . . . . . Uniques/NPCs Destroyed 2 | . . 1 . . . . . . . 1 YI-UF0 (-10/Mines) Z-Imprinter (-7/Deep Caves) Combat | -11 -10 -10 -10 -9 -8 -7 -7 -7 -7 -7 -------- Run | Scr Mat Min Exi Min Mat Fac Low Low Zio Dee Damage Taken 7370 | . 317 431 . . 1857 1602 170 410 . 2583 Core 1047 | . 37 19 . . 261 74 14 17 . 625 Absorbed by Shields 683 | . . . . . 231 152 . 110 . 190 Core Remaining (%) 76 | 100 . . . 77 52 . . . . . Volleys Fired 373 | 21 42 31 3 . 143 104 3 16 . 10 Largest 4 | 2 2 2 2 . 2 3 1 4 . 4 Hottest 130 | 60 100 130 125 . 130 88 39 110 . 106 Shots Fired 822 | 42 69 58 5 . 276 296 3 42 . 31 Gun 755 | 42 54 52 2 . 255 286 . 34 . 30 Cannon 16 | . . 2 3 . 11 . . . . . Launcher 45 | . 9 4 . . 10 10 3 8 . 1 Special 6 | . 6 . . . . . . . . . Kinetic 635 | 21 44 . . . 220 286 . 34 . 30 Thermal 111 | . 6 54 5 . 46 . . . . . Explosive 45 | . 9 4 . . 10 10 3 8 . 1 Electromagnetic 31 | 21 10 . . . . . . . . . Robot Hit Streak 27 | 6 12 16 2 . 11 26 . 27 . 17 Robot Miss Streak 7 | 2 3 7 5 . 4 5 . 2 . 3 Penetration Max . | . . . . . . . . . . . Secondary Targets . | . . . . . . . . . . . Shots Hit Robots 562 | 22 40 50 3 . 186 177 . 27 12 45 Core Hits 360 | 7 28 78 1 . 128 83 6 13 4 12 Critical Hits 6 | . 1 . . . 2 2 . . . 1 Critical Kills 1 | . . . . . 1 . . . . . Critical Parts Destroyed 4 | . 1 . . . 1 2 . . . . Melee Attacks 94 | . . . . . . 1 . 5 62 26 Impact 29 | . . . . . . . . . 29 . Slashing 38 | . . . . . . 1 . 5 32 . Piercing 27 | . . . . . . . . . 1 26 Sneak Attacks 10 | . . . . . . . . 1 8 1 Combat Hostiles . | . . . . . . . . . . . Follow-up Attacks . | . . . . . . . . . . . Damage Inflicted 15000 | 291 1045 1053 67 . 3955 4489 531 1093 1146 1330 Guns 8199 | 291 443 475 21 . 2904 3008 . 509 . 548 Cannons 204 | . . . 46 . 158 . . . . . Explosions 4055 | . 593 450 . . 765 1354 502 391 . . Melee 2081 | . . . . . . . . 153 1146 782 Ramming 461 | . 9 128 . . 128 127 29 40 . . Kinetic 7015 | 114 364 . . . 2472 3008 . 509 . 548 Thermal 1132 | . . 475 67 . 590 . . . . . Explosive 3933 | . 593 450 . . 643 1354 502 391 . . Electromagnetic 378 | 177 79 . . . 122 . . . . . Impact . | . . . . . . . . . . . Slashing 1299 | . . . . . . . . 153 1146 . Piercing 782 | . . . . . . . . . . 782 Highest Corruption 7 | . 1 1 1 1 . 7 7 7 7 . Average Corruption 4 | . 1 1 1 1 . 4 7 7 7 . Corruption Purged . | . . . . . . . . . . . Effects 144 | . 2 1 1 . . 60 22 53 5 . Message Errors 40 | . . . . . . 17 10 12 1 . Matter Fused 25 | . . . . . . 8 5 11 1 . Heat Flow Errors 21 | . . . . . . 9 3 9 . . Energy Discharges 22 | . 2 . . . . 9 3 8 . . Parts Rejected 2 | . . . . . . 1 . 1 . . Data Loss (minor) 18 | . . 1 1 . . 6 . 7 3 . Data Loss (major) 2 | . . . . . . 2 . . . . Misfires 5 | . . . . . . 2 . 3 . . Targeting Errors 8 | . . . . . . 5 1 2 . . Weapon Failures 1 | . . . . . . 1 . . . . Overload Shots . | . . . . . . . . . . . Overflow Damage 703 | . . 11 23 . 50 122 48 127 322 . Projectiles 35 | . . . 23 . 12 . . . . . Explosions 241 | . . 11 . . 38 122 40 30 . . Melee 427 | . . . . . . . 8 97 322 . Knockbacks 2 | . . . . . . 2 . . . . Impact 2 | . . . . . . 2 . . . . Kinetic . | . . . . . . . . . . . Secondary . | . . . . . . . . . . . Self-Inflicted Damage 151 | . . 13 . . . 119 . 19 . . Shots 4 | . . 1 . . . 2 . 1 . . Rammed 80 | . 2 56 . . 7 7 2 6 . . Targets Rammed 86 | . 2 57 . . 10 8 2 7 . . Kicked . | . . . . . . . . . . . Crushed 6 | . . 1 . . 3 1 . 1 . . Highest Temperature 571 | . 93 165 54 . 324 571 226 276 289 234 Average Temperature 89 | . 43 47 31 . 73 112 91 112 152 59 Received Heat Transfer 1643 | . 144 144 . . 820 178 . 39 . 318 Effects 8 | . . . . . . 8 . . . . Shutdowns 2 | . . . . . . 2 . . . . Energy Bleed 2 | . . . . . . 2 . . . . Short Circuit 1 | . . . . . . 1 . . . . Damage (major) 3 | . . . . . . 3 . . . . Siege Activations . | . . . . . . . . . . . Robots Corrupted . | . . . . . . . . . . . Combat Hostiles . | . . . . . . . . . . . Parts Fried 4 | 1 . . . . 1 . . 2 . . Impact Corruptions 3 | . . . . . . . 1 2 . . Robots Melted . | . . . . . . . . . . . Combat Hostiles . | . . . . . . . . . . . Parts Melted . | . . . . . . . . . . . Heat Transferred 1508 | . . 595 99 . 814 . . . . . Parts Sabotaged . | . . . . . . . . . . . Parts Stolen . | . . . . . . . . . . . Parts Stripped . | . . . . . . . . . . . Power Chain Reactions 1 | . . . . . 1 . . . . . Missiles Intercepted . | . . . . . . . . . . . Alert | -11 -10 -10 -10 -9 -8 -7 -7 -7 -7 -7 ------- Run | Scr Mat Min Exi Min Mat Fac Low Low Zio Dee Peak Influence 852 | 30 532 188 . . 403 852 . . . . Initial 114 | . 19 78 . . . 114 . . . . Average 277 | 16 216 69 . . 198 475 . . . . Maximum Alert Level 3 | . 2 . . . 2 3 . . . . Low Security (%) 40 | 100 63 100 . 100 43 7 . . . . Level 1 38 | . 22 . . . 54 40 . . . . Level 2 10 | . 14 . . . 2 22 . . . . Level 3 10 | . . . . . . 28 . . . . Level 4 . | . . . . . . . . . . . Level 5 . | . . . . . . . . . . . High Security . | . . . . . . . . . . . Max Security . | . . . . . . . . . . . Squads Dispatched 18 | . 2 1 . . 3 12 . . . . Investigation 10 | . 1 1 . . 2 6 . . . . Extermination 3 | . . . . . . 3 . . . . Reinforcement 4 | . 1 . . . 1 2 . . . . Assault 1 | . . . . . . 1 . . . . Garrison . | . . . . . . . . . . . Intercept . | . . . . . . . . . . . Construction Impeded . | . . . . . . . . . . . Haulers Reinforced 1 | . . . . . . 1 . . . . Stealth | -11 -10 -10 -10 -9 -8 -7 -7 -7 -7 -7 --------- Run | Scr Mat Min Exi Min Mat Fac Low Low Zio Dee Distress Signals 7 | . 1 . . . 4 2 . . . . Communications Jammed . | . . . . . . . . . . . Distress Signals . | . . . . . . . . . . . Times Spotted 155 | . 24 14 . . 70 39 2 4 . 2 Peak Tracking Total 6 | . 6 4 2 . 6 5 4 2 . 2 Tactical Retreats 7 | . 3 . . . 3 . . 1 . . Traps | -11 -10 -10 -10 -9 -8 -7 -7 -7 -7 -7 ------- Run | Scr Mat Min Exi Min Mat Fac Low Low Zio Dee Traps Triggered 13 | . 1 . . . 1 11 . . . . Indirectly 1 | . . . . . 1 . . . . . Trap Hack Attempts . | . . . . . . . . . . . Triggered . | . . . . . . . . . . . Disarmed . | . . . . . . . . . . . Reprogrammed 6 | . . . . . 6 . . . . . Reused 1 | . . . . . 1 . . . . . Traps Extracted . | . . . . . . . . . . . Installed . | . . . . . . . . . . . Triggered 1 | . . . . . 1 . . . . . Machines | -11 -10 -10 -10 -9 -8 -7 -7 -7 -7 -7 ---------- Run | Scr Mat Min Exi Min Mat Fac Low Low Zio Dee Machines Disabled 16 | . . . . . 6 8 . . . 2 Max in Single Turn 2 | . . . . . 2 2 . . . 1 Garrison Access 4 | . . . . . 1 3 . . . . Machines Sabotaged . | . . . . . . . . . . . Garrisons Compromised . | . . . . . . . . . . . Overloaded Fab Kills . | . . . . . . . . . . . Fab Network Shutdowns . | . . . . . . . . . . . Hacking | -11 -10 -10 -10 -9 -8 -7 -7 -7 -7 -7 --------- Run | Scr Mat Min Exi Min Mat Fac Low Low Zio Dee Machines Accessed 43 | . 8 1 1 . 16 16 . 1 . . Terminals 24 | . 6 . . . 10 8 . . . . Fabricators 2 | . . . . . . 2 . . . . Repair Stations 4 | . 1 . . . 1 2 . . . . Recycling Units 3 | . 1 . . . 2 . . . . . Scanalyzers 3 | . . . . . 2 1 . . . . Garrison Access 4 | . . . . . 1 3 . . . . Total Hacks 103 | . 23 1 1 . 39 38 . 1 . . Successful 47 | . 13 1 1 . 16 15 . 1 . . Failed 56 | . 10 . . . 23 23 . . . . Catastrophic 11 | . 2 . . . 5 4 . . . . Database Lockouts . | . . . . . . . . . . . Manual 52 | . 20 . 1 . 22 9 . . . . Terminals 64 | . 19 . . . 26 19 . . . . Fabricators 4 | . . . . . . 4 . . . . Repair Stations 12 | . 2 . . . 2 8 . . . . Recycling Units 7 | . 2 . . . 5 . . . . . Scanalyzers 7 | . . . . . 4 3 . . . . Garrison Access 6 | . . . . . 2 4 . . . . Terminal Hacks 19 | . 5 1 1 . 6 5 . 1 . . Robot Analysis 2 | . 2 . . . . . . . . . Prototype ID Bank 2 | . 1 . . . . 1 . . . . Open Door 2 | . . 1 . . . . . 1 . . Branch Access Points 2 | . . . . . 1 1 . . . . Terminal Index 1 | . 1 . . . . . . . . . Repair Station Index 1 | . . . . . . 1 . . . . Alert Level 1 | . . . . . . 1 . . . . Unreport Threat 5 | . 1 . . . 4 . . . . . Reprogram Traps 1 | . . . . . 1 . . . . . Hauler Manifests 1 | . . . . . . 1 . . . . EX-Prototype ID Bank 1 | . . . 1 . . . . . . . Fabricator Hacks 1 | . . . . . . 1 . . . . Build 1 | . . . . . . 1 . . . . Repair Station Hacks 7 | . 1 . . . 1 5 . . . . Scan Component 5 | . 1 . . . 1 3 . . . . Repair 2 | . . . . . . 2 . . . . Recycling Unit Hacks 1 | . . . . . 1 . . . . . Retrieve Components 1 | . . . . . 1 . . . . . Scanalyzer 5 | . . . . . 4 1 . . . . Insert Component 3 | . . . . . 2 1 . . . . Analyze 2 | . . . . . 2 . . . . . Garrison Access Hacks 3 | . . . . . 1 2 . . . . Seal Access 3 | . . . . . 1 2 . . . . Unauthorized Hacks 11 | . 7 . . . 3 1 . . . . Terminals 7 | . 5 . . . 2 . . . . . Track 3 | . 3 . . . . . . . . . Botnet 1 | . 1 . . . . . . . . . Disrupt 2 | . . . . . 2 . . . . . Operators 1 | . 1 . . . . . . . . . Fabricators . | . . . . . . . . . . . Repair Stations . | . . . . . . . . . . . Recycling Units 3 | . 2 . . . 1 . . . . . Reject 1 | . 1 . . . . . . . . . Recyclers 1 | . . . . . 1 . . . . . Mask 1 | . 1 . . . . . . . . . Scanalyzers . | . . . . . . . . . . . Garrison Access 1 | . . . . . . 1 . . . . Jam 1 | . . . . . . 1 . . . . Data Cores Recovered . | . . . . . . . . . . . Used . | . . . . . . . . . . . Hacking Detections 36 | . 7 . . . 15 14 . . . . Full Trace Events 4 | . 1 . . . . 3 . . . . Feedback Events . | . . . . . . . . . . . Feedback Blocked . | . . . . . . . . . . . Robot Schematics Acquired . | . . . . . . . . . . . Robots Built . | . . . . . . . . . . . Matter . | . . . . . . . . . . . Time . | . . . . . . . . . . . Total Robot Build Rating . | . . . . . . . . . . . Part Schematics Acquired 2 | . . . . . 2 . . . . . Parts Built 2 | . . . . . . 2 . . . . Matter 190 | . . . . . . 190 . . . . Time 47 | . . . . . . 47 . . . . Total Part Build Rating 10 | . . . . . . 10 . . . . Parts Repaired 2 | . . . . . . 2 . . . . Time 120 | . . . . . . 120 . . . . Parts Recycled . | . . . . . . . . . . . Recycled Matter . | . . . . . . . . . . . Retrieved Matter . | . . . . . . . . . . . Retrieved Components 10 | . . . . . 10 . . . . . Parts Scanalyzed 2 | . . . . . 2 . . . . . Part Schematics Acquired 2 | . . . . . 2 . . . . . Parts Damaged . | . . . . . . . . . . . Bothacking | -11 -10 -10 -10 -9 -8 -7 -7 -7 -7 -7 ------------ Run | Scr Mat Min Exi Min Mat Fac Low Low Zio Dee Used RIF Installer . | . . . . . . . . . . . Robots Hacked . | . . . . . . . . . . . Non-combat . | . . . . . . . . . . . Combat . | . . . . . . . . . . . Robot Hacks Applied . | . . . . . . . . . . . Relay Couplers Released 3 | . . . . . . 3 . . . . Programmers 3 | . . . . . . 3 . . . . Robots Rewired . | . . . . . . . . . . . Allies Hacked . | . . . . . . . . . . . Hacks Repelled . | . . . . . . . . . . . Allies | -11 -10 -10 -10 -9 -8 -7 -7 -7 -7 -7 -------- Run | Scr Mat Min Exi Min Mat Fac Low Low Zio Dee Total Allies 7 | . . . . . . . . . 7 . Largest Group 7 | . . . . . . . . . 7 4 Highest-Rated Group 169 | . . . . . . . . . 169 115 Highest-Rated Ally 31 | . . . . . . . . . 31 31 Total Orders . | . . . . . . . . . . . Ally Attacks 43 | . . . . . . . . . . 43 Total Damage 667 | . . . . . . . . . . 667 Kills 7 | . . . . . . . . . . 7 Allies Corrupted . | . . . . . . . . . . . Allies Melted . | . . . . . . . . . . . Intel | -11 -10 -10 -10 -9 -8 -7 -7 -7 -7 -7 ------- Run | Scr Mat Min Exi Min Mat Fac Low Low Zio Dee Robot Analysis Total 2 | . 2 . . . . . . . . . Derelict Logs Recovered 3 | . . . . 1 . . . 1 1 . Drone Launches . | . . . . . . . . . . . Drone Recoveries . | . . . . . . . . . . . Exploration | -11 -10 -10 -10 -9 -8 -7 -7 -7 -7 -7 ------------- Run | Scr Mat Min Exi Min Mat Fac Low Low Zio Dee Turns Passed 19406 | 140 627 1128 250 84 3586 3118 774 1861 5315 2523 Spaces Moved 10472 | 71 436 500 218 77 1518 1338 416 969 3699 1230 Core 1041 | 2 . . . . . . . . 1037 2 Treads 7020 | . 64 204 . . 1068 1338 416 969 1733 1228 Legs 343 | 6 . . . . 337 . . . . . Wheels 1139 | 63 372 296 218 77 113 . . . . . Hover . | . . . . . . . . . . . Flight 929 | . . . . . . . . . 929 . Fastest Speed 40 | 90 90 100 110 110 110 178 181 181 40 163 Average Speed 155 | 97 103 129 110 110 179 194 181 181 128 180 Slowest Speed 1150 | 250 160 180 110 110 210 210 181 181 1150 250 Overloaded Moves . | . . . . . . . . . . . Propulsion Burnouts . | . . . . . . . . . . . Robots Hopped . | . . . . . . . . . . . Cave-ins Triggered . | . . . . . . . . . . . Exploration Rate (%) 59 | 3 73 72 62 34 87 29 63 67 87 75 Regions Visited 10 Branch Regions 7 Pre-discovered Areas 1 | . . . . . . . . . 1 . Known Exits Taken 3 | . . . . . . 1 1 1 . . Unknown Exits Taken 7 | 1 1 1 1 1 1 . . . 1 . Scrap Searched 8 | . . 1 . . . . 2 1 4 . Spaces Dug 55 | . 6 . . . 17 1 . 27 4 . Terrain Destroyed 449 | . 71 37 . . 107 115 34 81 4 . Melee 9 | . . . . . . 1 . 4 4 . Projectile 8 | . 6 . . . 1 1 . . . . AOE 432 | . 65 37 . . 106 113 34 77 . . Terrain Rammed . | . . . . . . . . . . . Walls Destroyed . | . . . . . . . . . . . Machines Disabled . | . . . . . . . . . . . Actions | -11 -10 -10 -10 -9 -8 -7 -7 -7 -7 -7 --------- Run | Scr Mat Min Exi Min Mat Fac Low Low Zio Dee Total 12848 | 100 529 894 223 76 2189 1723 431 1037 4168 1478 Wait 1146 | . 2 271 . . 364 109 2 10 270 118 Move 10462 | 70 435 499 217 76 1517 1337 415 968 3698 1230 Hop . | . . . . . . . . . . . Pick Up 193 | 1 13 9 1 . 49 37 2 4 40 37 Fast Attach 93 | 3 4 4 . . 20 21 . 3 30 8 Attach 51 | 1 3 3 1 . 10 12 . 3 6 12 Detach 15 | . 1 1 . . 7 4 . . . 2 Swap 119 | . 14 6 . . 22 36 5 15 15 6 Drop 209 | 4 13 13 1 . 47 48 2 6 46 29 Fire 373 | 21 42 31 3 . 143 104 3 16 . 10 Melee 94 | . . . . . . 1 . 5 62 26 Ram 2 | . . 2 . . . . . . . . Kick . | . . . . . . . . . . . Crush 84 | . 2 55 . . 10 8 2 7 . . Escape Stasis 6 | . . . . . . 6 . . . . Rewire 1 | . . . . . . . . . 1 . Trap . | . . . . . . . . . . . Miscellaneous . | . . . . . . . . . . . Route ------- -11/Scrapyard -10/Materials (discovered 3 exits: [*Mat x2] / *Min) -10/Mines (discovered 3 exits: [*Mat x2] / *Exi) -10/Exiles (discovered 2 exits: [*Min x2]) -9/Mines -8/Materials (discovered 3 exits: *Fac x3) -7/Factory (discovered 4 exits: *Fac / Sto / *Low x2) -7/Lower Caves -7/Lower Caves (discovered 2 exits: Fac / *Zio) -7/Zion (discovered 2 exits: [*Dee] / [*Pro]) -7/Deep Caves (discovered 1 exit: [*Pro]) History --------- Turn | Location | Event 1 | -11/Scrapyard | Discovered new exit (range 1) 141 | -11/Scrapyard | Entered Materials 221 | -10/Materials | Discovered new exit (range 9) 309 | -10/Materials | Build established: Mutant 483 | -10/Materials | Destroyed 7 combat bots 599 | -10/Materials | Discovered new exit (range 13) 719 | -10/Materials | Discovered new exit (range 11) 768 | -10/Materials | Entered Mines 890 | -10/Mines | YI-UF0 nonchalantly dropped a Grenade Launcher on the ground 990 | -10/Mines | Destroyed YI-UF0 996 | -10/Mines | Found Prototype Launcher 1006 | -10/Mines | Found Prototype Storage 1007 | -10/Mines | Identified YI-UF0's Bottomless Matter Pit 1167 | -10/Mines | Excavation squad dispatched 1167 | -10/Mines | A large section of the Mines collapsed 1417 | -10/Mines | Excavation squad dispatched 1470 | -10/Mines | Identified YI-UF0's Doublenader 1630 | -10/Mines | Discovered new exit (range 3) 1639 | -10/Mines | Met a Derelict shopkeep closing up shop 1692 | -10/Mines | Discovered new exit (range 11) 1825 | -10/Mines | Build established: Scavenger-Mutant 1892 | -10/Mines | Deemed a non-threat by the Exiles lab entrance 1892 | -10/Mines | Discovered new exit (range 5) 1896 | -10/Mines | Entered Exiles 1914 | -10/Exiles | Discovered new exit (range 15) 1923 | -10/Exiles | Met 8R-AWN 1940 | -10/Exiles | Met EX-HEX 1975 | -10/Exiles | Met EX-BIN 1988 | -10/Exiles | Aligned with FarCom system 1989 | -10/Exiles | Given EX-Vault access code 2015 | -10/Exiles | Opened EX-Vault 2041 | -10/Exiles | Warned to stay clear of 0b10 Research branches 2060 | -10/Exiles | Exiles lab attacked by MAIN.C 2129 | -10/Exiles | Discovered new exit (range 10) 2134 | -10/Exiles | Attacked by the Exiles 2146 | -10/Exiles | Entered Mines 2226 | -9/Mines | Discovered new exit (range 5) 2227 | -9/Mines | Assembled infested the area 2230 | -9/Mines | Entered Materials 2230 | -8/Materials | Evolved 4 slots: Propulsion x1, Utility x3 2353 | -8/Materials | Lost 7 parts (1p3u3w) 2620 | -8/Materials | Discovered new exit (range 10) 3131 | -8/Materials | Build established: Mutant 4088 | -8/Materials | Discovered new exit (range 14) 5764 | -8/Materials | Discovered new exit (range 16) 5816 | -8/Materials | Entered Factory 5816 | -7/Factory | Evolved 2 slots: Utility x1, Weapon x1 5817 | -7/Factory | Identified exit to Lower Caves 6131 | -7/Factory | Build established: Hauler-Skirmisher 6602 | -7/Factory | Build established: Hauler-Tank 6827 | -7/Factory | Repaired Enh. Autogun 6893 | -7/Factory | Repaired Enh. Autogun 7369 | -7/Factory | Build established: Hauler-Skirmisher 7684 | -7/Factory | Fabricated Hvy. Machine Gun (x2) 7744 | -7/Factory | Discovered new exit (range 3) 7748 | -7/Factory | Identified exit to Factory 7816 | -7/Factory | First assault squad dispatched 8076 | -7/Factory | Destroyed 8 combat bots 8553 | -7/Factory | Identified exit to Storage 8934 | -7/Factory | Entered Lower Caves 8980 | -7/Lower Caves | Encountered a Warlord checkpoint 9693 | -7/Lower Caves | Discovered new exit (range 7) 9704 | -7/Lower Caves | Identified exit to Lower Caves 9708 | -7/Lower Caves | Entered another Lower Caves area 9915 | -7/Lower Caves | Encountered a Warlord checkpoint 11146 | -7/Lower Caves | Found Alien Artifact 11146 | -7/Lower Caves | Identified Core Expander 11146 | -7/Lower Caves | Installed Core Expander, added new Weapon slot 11340 | -7/Lower Caves | Spotted B-75 Beast 11402 | -7/Lower Caves | Destroyed B-75 Beast 11533 | -7/Lower Caves | Discovered new exit (range 13) 11566 | -7/Lower Caves | Attracted the attention of an 0b10 checkpoint 11567 | -7/Lower Caves | Identified exit to Zion 11569 | -7/Lower Caves | Entered Zion 11717 | -7/Zion | System corruption cleaned by Quarantine Array 12156 | -7/Zion | Learned location of Warlord (-4) 12266 | -7/Zion | Learned Factory garrison access intel 12303 | -7/Zion | Gained Derelict followers 12596 | -7/Zion | Found CR-A16's Pointy Stick 12781 | -7/Zion | Given A8's code to call for help 12826 | -7/Zion | Found Prototype Processor 12826 | -7/Zion | Identified Exp. Targeting Computer 12830 | -7/Zion | Found Prototype Processor 12830 | -7/Zion | Identified Exp. Core Analyzer 12836 | -7/Zion | Found Prototype Processor 12836 | -7/Zion | Identified Exp. Melee Analysis Suite 12871 | -7/Zion | Found Prototype Processor 12871 | -7/Zion | Identified Exp. Terrain Scan Processor 13120 | -7/Zion | Build established: Hauler-Gunner 14109 | -7/Zion | Build established: Hauler-Mutant 14681 | -7/Zion | Build established: Mutant 15291 | -7/Zion | Discovered new exit (range 16) 16103 | -7/Zion | Discovered new exit (range 4) 16415 | -7/Zion | Build established: Hauler-Mutant 16724 | -7/Zion | Build established: Hauler-Gunner 16846 | -7/Zion | Saw the warning signs outside the Deep Caves entrance 16884 | -7/Zion | Entered Deep Caves 16884 | -7/Deep Caves | Accompanied by 4 allies 17457 | -7/Deep Caves | Build established: Gunner 17499 | -7/Deep Caves | Z-Facility disabled 17610 | -7/Deep Caves | Attacked by Z-Imprinter 17625 | -7/Deep Caves | Destroyed Z-Imprinter 18071 | -7/Deep Caves | Found Prototype Protection 18071 | -7/Deep Caves | Identified Zio. Weapon Casing 18092 | -7/Deep Caves | Build established: Hauler-Gunner 18689 | -7/Deep Caves | Build established: Hauler-Mutant 18990 | -7/Deep Caves | Discovered new exit (range 6) 19276 | -7/Deep Caves | Spotted as-89893 19378 | -7/Deep Caves | Core integrity fell below 50% 19388 | -7/Deep Caves | Core integrity fell below 20% 19407 | -7/Deep Caves | Destroyed by as-89893 with Assembled Focal Cannon Last Messages --------------- 19234_ Sneak attack on O8-72L(i). 19234_ O8-72L(i) destroyed. 19260_ 8D-8UU(h) destroyed. 19267_ XL-LGV(g) destroyed. 19270_ ES-FIN(l) destroyed. 19277_ as-89893: "DSI9AT1D G8OHIBQ29FWG 26R186 QD12WHW8W33 TDK1 81FTS" 19303_ Zio. Weapon Casing destroyed. 19308_ as-89893 suffers critical hit. 19329_ Arm. Treads destroyed. 19329_ Hrd. Heavy Armor Plating destroyed. 19330_ Acquired 10 matter. 19339_ Imp. Shield Generator destroyed. 19343_ Flak Gun destroyed. 19352_ Enh. Autogun destroyed. 19352_ Lgt. Treads destroyed. 19365_ Arm. Treads destroyed. 19380_ Zio. Light DM Reactor destroyed. 19387_ CR-A16's Pointy Stick destroyed. 19387_ Adv. Core Analyzer destroyed. 19397_ Destroyed Flamer. Map ----- +----------------------------------------------------+ | ??????????????????????????????## ##?????? | | ??????????????????????????????# ##########? | | ??????????????????????????????# ### # <#? | | ??????????????????????????????# # #? | | ??????????????????????????????# # ####? | | ??????????????????????????????# ## ###???? | | ??????????????????????????????# ### #?????? | | ??????????????????????????????# ### ####??? | | ??????????????????????????????# ## # #### | | ??????????????????????????????# # ## | | ????????????????????? ????# # ## | | ??????????????????? * ??## ### | | ???????????????? = #???## ### | | ??????????????[ s##???# ## | | ???????????? = #???# ### | | ???????????? #??## ## ## | | ??????????? #?## #### [! | | ??????????? *M* l #?# ##?# = | | ?????????? ! #?# ### ![ | | ?????????? M #?# [[ | | ?????????? l * * ! ! ### *!! | | ?????????" * !! ## !!* | | ?????????" ! # !!!! | | ????????# * ## !!= | | ????????" h l G ## ! ] | | ????????" = @ ## %= ## | | ????????" * !% ### | | ????????""" * ! != #?######## | | ????????" % #????????# | | ?????????" = = ##### ##????????? | | ????????" [% #???## #?????????? | | ?????????" ;#????## #?????????? | | ????????" # # ;#?????###?????????? | | ????????" ###; ## ## ###?????????????????? | | ????????""" #???## ?# ####???????????????????? | | ?????????? ??????#??# #??????????????????????? | | ??????????????????????###??????????????????????? | | | | | | | | | | | | | | | | | | | | | | | | | | | +----------------------------------------------------+ Best States ------------- Heat Dissipation 64 Coolant Potential 65 Energy Generation 27 Energy Capacity 310 Matter Stores 300 Matter Capacity 300 Sight Range 16 Robot Scan Range 20 Terrain Scan Range 16 Terrain Scan Density 10 Armor Coverage 600 Resistance: KI 30 Resistance: TH 15 Resistance: EM 15 Core Shielding 20 Weapon Shielding 100 Evasion (%) 62 Targeting Accuracy 12 Core Analysis 10 Recoil Reduction 3 Kinecelleration 30 Item Schematics ----------------- Hvy. Laser | -8/Materials | Scanalyzed Lrn. Tractor Beam | -8/Materials | Scanalyzed Robot Schematics ------------------ None Fabricated ------------ Hvy. Machine Gun | x2 | -7/Factory | Preloaded Alien Tech Used ----------------- Core Expander Achievements -------------- None Challenges ------------ None Game ------ Seed AluminumLinkedBeam Manual? 0 Play Time 02:43:56 Cumulative 248.1 hours Start 2021.08.02 @ 13:58:23 End 2021.08.20 @ 18:56:14 Sessions 3 Manual Loads 0 Difficulty Rogue Special Mode None Game No. 180 Rogue 180 Adventurer 0 Explorer 0 Win Type - Total 5 Types 5/0/0/0/0/0/0/0/0 Lore% 49 Gallery% 72 Achievement% 56 Wizard Run 0 Options --------- ASCII 0 Keyboard 0 Movement Numpad Keybinds 0 Fullscreen 2 Font 18/TerminusBold Map View 76x50 Tactical HUD 1 Map Filters NONE Filters NONE Steam 1 RUN: 688cd56c-0b5f-4f8a-91ed-c1494d85cc80